 Dungeon Crawl Stone Soup version 0.27.1-4-g1640c2035a (webtiles) character file.

Game seed: 18384966825571511797

57 adizb the Caller (level 3, 0/22 HPs)
             Began as a Felid Summoner on Nov 14, 2021.
             Succumbed to an adder's poison
             ... on level 3 of the Dungeon.
             The game lasted 00:13:54 (1721 turns).

adizb the Caller (Felid Summoner)                   Turns: 1721, Time: 00:13:54

Health: 0/22       AC: 21    Str:  4    XL:     3   Next: 73%
Magic:  4/7        EV:  4    Int: 16    God:
Gold:   130        SH:  0    Dex: 17    Spells: 3/6 levels left
                                        Lives:  0   Deaths: 0

rFire    . . .     SeeInvis +   (weapon unavailable)
rCold    . . .     Faith    .   (shield unavailable)
rNeg     + + +     Spirit   .   (armour unavailable)
rPois    +         Reflect  .   (helmet unavailable)
rElec    .         Harm     .   (cloak unavailable)
rCorr    .         Rampage  .   (gloves unavailable)
Will     .....     NoTele   +   (boots unavailable)
Stlth    ++........             (no amulet)
HPRegen  0.07/turn              g - ring of positive energy
MPRegen  0.10/turn              h - +4 ring of evasion

@: lethally poisoned (0 -> -1), tree-form, invisible
A: stationary, stasis, torment immunity, boosted hp, very small, (claws 1),
(fangs 3), see invisible, (speed 1), (shaggy fur 1), (stealthy paws), no weapons
or thrown items, no armour, multi-lived
a: no special abilities


You were on level 3 of the Dungeon.
You were a tree.
You visited 1 branch of the dungeon, and saw 3 of its levels.

You collected 130 gold pieces.

Inventory:

Jewellery
 g - a ring of positive energy (left branch)
 h - a +4 ring of evasion (right branch)
Scrolls
 b - a scroll of identify {unknown}
 i - 2 scrolls of amnesia {unknown}
Potions
 a - a potion of cancellation {unknown}
 c - a potion of attraction {unknown}
 f - a potion of curing {unknown}


   Skills:
 + Level 0.8 Fighting
 + Level 3.1 Dodging
 - Level 2.6 Stealth
 + Level 0.7 Unarmed Combat
 + Level 2.2 Spellcasting
 - Level 0.4 Conjurations
 + Level 1.2 Hexes
 + Level 4.1 Summonings
 + Level 0.8 Necromancy
 + Level 1.5 Translocations
 + Level 0.9 Transmutations


You had 3 spell levels left.
You knew the following spells:

 Your Spells              Type           Power      Damage    Failure   Level
a - Summon Small Mammal   Summ           56%        N/A       3%          1
b - Call Imp              Summ           14%        N/A       5%          2

Your spell library contained the following spells:

 Spells                   Type           Power      Damage    Failure   Level
 Apportation              Tloc           12%        N/A       11%         1
 Call Canine Familiar     Summ           14%        N/A       11%         3
 Blink                    Tloc           N/A        N/A       17%         2
 Wereblood                Tmut           4%         N/A       21%         2
 Summon Guardian Golem    Hex/Summ       10%        N/A       21%         3
 Sublimation of Blood     Necr           2%         N/A       22%         2
 Lesser Beckoning         Tloc           3%         N/A       32%         3
 Summon Lightning Spire   Summ/Air       8%         N/A       65%         4
 Manifold Assault         Tloc           6%         N/A       97%         5
 Alistair's Intoxication  Tmut/Pois      2%         N/A       99%         5
 Invisibility             Hex            2%         N/A       100%        6
 Summon Hydra             Summ           7%         N/A       100%        7


Dungeon Overview and Level Annotations

Branches:
Dungeon (3/15)

Altars:
Elyvilon

Shops:
D:1 !


Innate Abilities, Weirdness & Mutations

You are a tree.
Your roots penetrate the ground, keeping you stationary.
You cannot be teleported.
You are immune to unholy pain and torment.
Your maximum health is greatly increased.
((You have sharp claws.))
((You have razor-sharp teeth.))
You have supernaturally acute eyesight. (SInv)
((You cover ground quickly. (Speed+)))
((You are covered in fur. (AC +1)))
((Your paws help you pounce on unaware monsters.))
You are incapable of wielding weapons or throwing items.
You cannot wear armour.
You gain extra lives every three experience levels.


Message History

The adder completely misses you.
You scratch the adder but do no damage.
Your crimson imp misses the adder.
The adder completely misses you.
You scratch the adder.
The adder is lightly wounded.
Your white imp closely misses the adder.
The adder closely misses you.
Your crimson imp closely misses the adder.
You scratch the adder but do no damage.
The adder is lightly wounded.
The adder bites you.
Your crimson imp barely misses the adder.
Your white imp closely misses the adder.
Your crimson imp closely misses the adder.
You scratch the adder.
The adder is moderately wounded.
The adder bites you.
You are lethally poisoned!
The adder poisons you!
Your crimson imp barely misses the adder.
Your white imp gestures at the adder.
The puff of frost hits the adder!
The adder dies!
Found a leather armour.
You feel sick.
Your crimson imp blinks!
* * * LOW HITPOINT WARNING * * *
You feel sick.
* * * LOW HITPOINT WARNING * * *
You feel sick.
* * * LOW HITPOINT WARNING * * *
You feel sick.
* * * LOW HITPOINT WARNING * * *
You feel sick.
It was a potion of lignification.
You turn into a tree.
Your roots penetrate the ground.
* * * LOW HITPOINT WARNING * * *
You feel sick.
It was a potion of invisibility.
You fade into invisibility!
You die...

#..# #!.# #..# #..#
#..# #..#
#..###..####.#
#.####?...........#
#.....5.55...#
#####5######.# #5#
#.#### ##♣# #.5..#
#.........##5# .#
#..#########.# .# #..#
#5# ##.######..# #5#
...........#########.#
#...####.........5...#
#.#.......############
#######...#####.#


You could see 2 friendly crimson imps and a friendly white imp (summoned).

Vanquished Creatures
  3 ball pythons
  2 endoplasms
  A giant cockroach (D:2)
  2 goblins (D:1)
  A hobgoblin (D:1)
  2 quokkas (D:2)
  2 kobolds (D:1)
  2 rats (D:2)
15 creatures vanquished.

Vanquished Creatures (collateral kills)
  Jessica (D:2)
  An adder (D:3)
  2 worms (D:2)
  A dart slug (D:3)
  3 orcs (D:3)
  An endoplasm (D:3)
  2 goblins
  3 hobgoblins
  3 kobolds
  A quokka (D:1)
  A ball python (D:2)
  A bat (D:3)
  A frilled lizard (D:2)
  4 rats
25 creatures vanquished.

Grand Total: 40 creatures vanquished

Notes
Turn   | Place    | Note
-------+----------+-------------------------------------------
     0 | D:1      | adizb the Felid Summoner began the quest for the Orb.
     0 | D:1      | Reached XP level 1. HP: 7/7 MP: 4/4
   257 | D:1      | Found Motuq's Distillery.
   269 | D:1      | Reached XP level 2. HP: 11/11 MP: 3/6
   332 | D:1      | Learned a level 2 spell: Call Imp
   424 | D:1      | Found a faded altar of an unknown god.
   993 | D:2      | Found a white marble altar of Elyvilon.
  1363 | D:2      | Noticed Jessica
  1369 | D:2      | Killed Jessica
  1370 | D:2      | Reached skill level 1 in Hexes
  1370 | D:2      | Reached skill level 1 in Translocations
  1370 | D:2      | Reached XP level 3. HP: 9/15 MP: 0/7
  1720 | D:3      | HP: 1/22 [poisoned by an adder]
  1721 | D:3      | Succumbed to an adder's poison

Illustrated notes

Levels and vault maps discovered:
D:1:      saegor_arrival_simple_c, layout_basic,
          dreamdust_ecumenical_altar_statues, serial_shops,
          nicolae_shop_waterfront
D:2:      layout_basic, basic_altar, uniq_jessica
D:3:      layout_loops_ring, nemelex_diamond_rough_becter

Skill      XL: |  1  2 |
---------------+-------+-----
Dodging        | 3 |  3.1
Hexes          | 1 |  1.2
Translocations | 1 |  1.5
Fighting       | |  0.8
Stealth        | |  2.6
Unarmed Combat | |  0.7
Spellcasting   | |  2.2
Conjurations   | |  0.4
Summonings     | |  4.1
Necromancy     | |  0.8
Transmutations | |  0.9

Action                   || total
-------------------------++-------
Melee: Unarmed           ||    60
       Bite              ||     2
 Cast: Summon Small Mamm ||     9
       Call Imp          ||    27
  Use: Potion            ||     3
 Stab: Sleeping          ||     4
Armor: Skin              ||     3
Dodge: Dodged            ||    51
